Map: 死亡光环-天梯版

Players

Cyan

  • Race: Protoss Protoss
  • League: Master

TIME (Oliveira) - Winner!

  • Race: Terran Terran

Event: DreamHack SC2 Masters 2020 Winter

VOD

Have the link to the VOD?

Description

Time

  • Played on: Oct. 30, 2020, 7:43 a.m.
  • Length: 9:56

All games in this series

Show
View Real Time Build Order
Export as new Build Order

Cyan Protoss 

Build Orders: 1 Gate Expand, Blink Stalkers 

Get SALT Encoding   

  12  0:00  Probe  
  13  0:12  Probe  
  14  0:17  Pylon  
  14  0:24  Probe (Chrono Boost)  
  15  0:37  Gateway, Probe (Chrono Boost)  
  16  0:44  Probe (Chrono Boost)  
  16  0:47  Assimilator  
  17  0:51  Probe  
  18  1:03  Probe  
  19  1:15  Probe  
  20  1:22  Nexus  
  20  1:32  Cybernetics Core  
  20  1:35  Probe  
  21  1:40  Assimilator  
  21  1:47  Probe  
  21  1:50  Pylon  
  22  1:59  Probe  
  23  2:05  Stalker (Chrono Boost)  
  23  2:09  Warp Gate (Chrono Boost)  
  23  2:12  Probe  
  25  2:28  Stalker, Probe (Chrono Boost)  
  26  2:38  Probe (Chrono Boost)  
  26  2:42  Shield Battery  
  26  2:43  Probe (Chrono Boost)  
  28  2:46  Probe  
  29  2:55  Probe  
  29  2:58  Probe  
  30  3:00  Stalker  
  32  3:07  Probe  
  33  3:13  Probe  
  33  3:16  Twilight Council  
  34  3:22  Probe  
  34  3:25  Probe  
  36  3:34  Probe  
  36  3:38  Probe (Chrono Boost)  
  37  3:46  Blink (Chrono Boost), Probe (Chrono Boost)  
  38  3:53  Robotics Facility  
  38  3:54  Probe (Chrono Boost)  
  38  3:55  Probe (Chrono Boost)  
  40  3:59  Sentry  
  40  4:01  Probe  
  43  4:05  Probe  
  44  4:10  Gateway  
  44  4:13  Probe  
  45  4:17  Probe  
  45  4:21  Pylon  
  45  4:23  Pylon  
  45  4:25  Probe  
  45  4:31  Phoenix  
  46  4:35  Probe  
  46  4:37  Probe  
  45  4:40  Stalker  
  40  4:47  Probe  
  40  4:49  Probe  
  42  4:55  Observer  
  42  4:59  Probe  
  44  5:01  Probe  
  44  5:04  Pylon  
  45  5:11  Probe  
  45  5:14  Probe  
  47  5:18  Observer  
  48  5:23  Probe  
  48  5:26  Probe  
  49  5:33  Nexus  
  49  5:35  Probe  
  49  5:37  Pylon  
  49  5:38  Probe  
  49  5:39  Observer  
  48  5:42  Stalker  
  48  5:47  Probe  
  49  5:50  Probe  
  48  6:00  Observer, Probe  
  48  6:02  Probe  
  48  6:03  Stalker  
  53  6:11  Stalker  
  53  6:12  Probe (Chrono Boost)  
  57  6:19  Shield Battery  
  57  6:20  Probe (Chrono Boost)  
  57  6:22  Charge  
  57  6:23  Probe (Chrono Boost)  
  58  6:27  Probe x2 (Chrono Boost)  
  58  6:28  Stalker  
  62  6:38  Probe x2  
  65  6:47  Probe  
  65  6:50  Stalker, Probe x2 (Chrono Boost)  
  65  6:52  Stalker  
  69  6:59  Probe (Chrono Boost)  
  70  7:02  Gateway, Probe (Chrono Boost)  
  70  7:03  Gateway, Probe (Chrono Boost)  
  70  7:07  Gateway  
  72  7:10  Probe (Chrono Boost)  
  72  7:13  Probe (Chrono Boost)  
  74  7:21  Probe  
  75  7:25  Probe  
  75  7:26  Immortal  
  80  7:33  Gateway, Probe  
  80  7:35  Sentry  
  80  7:36  Gateway  
  80  7:37  Probe x2  
  84  7:38  Gateway  
  84  7:41  Zealot  
  87  7:49  Pylon  
  90  7:52  Pylon  
  90  7:53  Observer  
  90  7:55  Templar Archives  
  90  7:57  Pylon  
  88  7:58  Probe x2  
  88  8:00  Assimilator, Probe  
  88  8:02  Assimilator  
  88  8:05  Immortal (Chrono Boost)  
  90  8:08  Observer  
  90  8:10  Zealot x2, Probe  
  90  8:11  Probe  
  90  8:12  Probe  
  101  8:19  Zealot x3  
  107  8:22  Probe  
  107  8:25  Probe  
  109  8:27  Forge  
  109  8:28  Pylon, Observer  
  109  8:33  Zealot x2  
  113  8:38  Warp Prism  
  115  8:44  Zealot  
  115  8:47  Pylon x2  
  117  8:49  Pylon  
  101  9:03  Zealot, Sentry  
  101  9:04  Zealot x6  
  115  9:11  Shield Battery  
  115  9:14  Shield Battery  
  115  9:15  Immortal  
  93  9:27  Zealot x5  
  93  9:28  Zealot  
  89  9:32  Zealot  
  89  9:33  Zealot  
Show
View Real Time Build Order
Export as new Build Order

TIME Terran - Winner!

Build Orders:  

Get SALT Encoding   

  12  0:00  SCV  
  13  0:12  SCV  
  14  0:18  Supply Depot  
  14  0:24  SCV  
  15  0:40  SCV, Barracks  
  16  0:46  Refinery  
  16  0:52  SCV  
  16  0:56  Refinery  
  17  1:04  SCV  
  18  1:16  SCV  
  19  1:27  Reaper  
  19  1:29  Orbital Command  
  20  1:35  Supply Depot  
  20  1:47  Factory  
  20  1:55  SCV  
  20  1:59  Reaper  
  22  2:06  Bunker  
  22  2:07  SCV  
  23  2:19  SCV  
  24  2:31  SCV  
  24  2:32  Starport, Hellion  
  27  2:46  Supply Depot  
  27  2:47  SCV  
  28  2:54  Hellion  
  30  3:00  Command Center  
  30  3:08  SCV  
  31  3:15  Medivac  
  33  3:20  SCV  
  34  3:29  Supply Depot  
  34  3:32  SCV  
  34  3:38  Barracks Reactor, Hellion  
  35  3:44  SCV  
  35  3:47  Bunker, Starport Tech Lab  
  36  3:56  SCV  
  37  4:05  Cloaking Field  
  37  4:06  Banshee  
  37  4:08  SCV  
  41  4:10  Supply Depot  
  41  4:12  Factory Tech Lab  
  41  4:14  Marine x2  
  43  4:19  Orbital Command  
  43  4:20  SCV  
  44  4:32  Siege Tank  
  44  4:33  SCV  
  48  4:38  Marine  
  48  4:45  SCV  
  50  4:47  SCV  
  50  4:49  Banshee  
  46  4:55  Marine  
  46  4:56  Marine  
  46  4:57  SCV  
  46  4:59  SCV  
  50  5:05  Siege Tank  
  53  5:08  Command Center  
  53  5:09  SCV  
  54  5:14  Barracks  
  54  5:16  SCV  
  54  5:17  Marine x2  
  57  5:23  SCV  
  57  5:25  Barracks  
  58  5:29  SCV  
  58  5:32  Engineering Bay  
  58  5:35  SCV  
  58  5:41  Marine, Siege Tank, SCV  
  64  5:48  SCV  
  65  5:53  SCV  
  65  5:55  Refinery  
  65  5:56  Refinery  
  63  6:00  SCV, Terran Infantry Weapons Level 1  
  64  6:05  Barracks  
  64  6:06  SCV, Marine x2  
  64  6:10  Missile Turret  
  64  6:11  Marine  
  67  6:12  SCV  
  67  6:13  Stimpack  
  67  6:14  Barracks  
  67  6:16  Starport Reactor  
  67  6:18  SCV  
  70  6:24  SCV, Missile Turret  
  70  6:25  Combat Shield, Orbital Command  
  71  6:27  Marine  
  71  6:30  SCV  
  71  6:31  Marine x2  
  75  6:33  Marine  
  75  6:36  Supply Depot  
  76  6:47  Marine, SCV  
  76  6:49  Marauder  
  76  6:51  Marauder, SCV  
  83  6:55  Medivac  
  83  6:56  Barracks Reactor  
  83  6:58  Medivac, Orbital Command  
  83  6:59  Supply Depot  
  83  7:00  Supply Depot, SCV  
  88  7:01  Barracks Tech Lab  
  88  7:07  Marine  
  89  7:11  Marauder  
  89  7:13  Marauder  
  93  7:17  Marine  
  93  7:19  SCV  
  93  7:21  SCV  
  94  7:24  SCV  
  94  7:25  Marine  
  94  7:28  Medivac x2  
  98  7:31  SCV  
  98  7:32  Marauder  
  98  7:33  SCV, Marine, Ghost Academy  
  98  7:35  Marine x2  
  98  7:36  SCV  
  106  7:39  Concussive Shells  
  106  7:43  SCV  
  107  7:44  Supply Depot x2  
  107  7:45  SCV  
  107  7:47  Supply Depot  
  107  7:48  SCV  
  109  8:02  Supply Depot  
  109  8:05  Marine x4, Ghost x2  
  109  8:06  SCV x3  
  122  8:13  Bunker  
  122  8:15  Supply Depot  
  122  8:18  SCV x3  
  125  8:23  Marine, Refinery  
  125  8:24  Refinery  
  125  8:26  Medivac  
  128  8:28  Medivac, Marine  
  128  8:30  SCV x3  
  134  8:34  Marauder  
  134  8:35  Marine x2  
  134  8:39  Armory, Engineering Bay  
  134  8:40  Marine  
  134  8:41  Marine, Marauder  
  139  8:42  SCV x2  
  142  8:50  SCV  
  142  8:51  Marine  
  142  8:52  Factory Tech Lab  
  142  8:53  Marine, Supply Depot  
  142  8:54  Supply Depot, SCV  
  147  8:55  SCV  
  138  9:03  Marine  
  138  9:05  Marine  
  138  9:06  Marine, Marauder  
  138  9:07  SCV x2  
  138  9:09  SCV  
  144  9:17  Marine x2  
  144  9:18  Marauder  
  144  9:22  Command Center  
  143  9:26  Marine x2  
  143  9:27  Marauder  
  143  9:29  Marine  
  137  9:35  Marine x2  
  137  9:36  SCV x2  
Tags
 
Add a new tag
Caveats
  • Supply blocks, unpowered buildings, or Contaminate may cause inaccurate times.
  • Supply counts are checked every 10 seconds.